 Dungeon Crawl Stone Soup version 0.25.1-8-g42b30a86e7 (webtiles) character file.

Game seed: 15000573536954932227

1860 H0rd4k the Thaumaturge (level 8, -2/41 HPs)
             Began as a Deep Elf Wizard on Dec 22, 2020.
             Was an Initiate of Gozag.
             Slain by Harold
             ... wielding a +3 scimitar
              (9 damage)
             ... on level 7 of the Dungeon.
             The game lasted 00:18:47 (7645 turns).

H0rd4k the Thaumaturge (Deep Elf Wizard)            Turns: 7645, Time: 00:18:49

Health: -2/41      AC:  6    Str:  7    XL:     8   Next: 89%
Magic:  23/33      EV: 13    Int: 26    God:    Gozag
Gold:   198        SH:  0    Dex: 13    Spells: 16/28 levels left

rFire    . . .     SeeInvis .   (no weapon)
rCold    + . .     Gourm    .   (no shield)
rNeg     . . .     Faith    .   s - +2 robe {rC+}
rPois    +         Spirit   .   b - +1 hat
rElec    .         Reflect  .   (no cloak)
rCorr    +         Harm     .   (no gloves)
MR       .....                  v - +0 pair of boots of Mezcal {MP+9 Str+3 Slay+3}
Stlth    +++.......             D - amulet of magic regeneration
HPRegen  0.13/turn              e - ring of poison resistance
MPRegen  0.48/turn              i - ring of resist corrosion

@: marked, very slightly contaminated
A: no striking features
a: Potion Petition, Call Merchant, Bribe Branch, Renounce Religion


You were on level 7 of the Dungeon.
You worshipped Gozag.
Gozag was aware of your devotion.
You were not hungry.

You visited 2 branches of the dungeon, and saw 8 of its levels.
You also visited: Sewer.

You collected 267 gold pieces.
You paid 69 gold pieces to Gozag.

Inventory:

Hand Weapons
 a - a +0 hand crossbow
Missiles
 A - 43 bolts
Armour
 b - a +1 hat (worn)
 s - a +2 robe of cold resistance (worn)
 v - the +0 pair of boots of Mezcal (worn) {MP+9 Str+3 Slay+3}
   (You found it on level 4 of the Dungeon)

   It affects your strength (+3).
   It affects your accuracy and damage with ranged weapons and melee attacks
   (+3).
   It affects your magic capacity (+9).
Jewellery
 e - a ring of poison resistance (left hand)
 h - an uncursed ring of see invisible
 i - a ring of resist corrosion (right hand)
 D - an amulet of magic regeneration (around neck)
Scrolls
 c - 2 scrolls of blinking
 g - a scroll of identify
 n - 2 scrolls of enchant weapon {unknown}
 r - 3 scrolls of magic mapping {unknown}
 t - 2 scrolls of amnesia {unknown}
 u - a scroll of fog {unknown}
 w - a scroll of teleportation
 y - a scroll of fear {unknown}
Potions
 j - 2 potions of haste
 m - a potion of cancellation {unknown}
 o - 2 potions of ambrosia
 p - 2 potions of curing
 q - 2 potions of stabbing {unknown}
 x - 4 potions of might
 z - a potion of magic
 C - a potion of brilliance {unknown}
Comestibles
 d - 10 rations


   Skills:
 + Level 2.7 Crossbows
 + Level 3.3 Dodging
 + Level 4.2 Stealth
 + Level 10.6 Spellcasting
 + Level 5.7 Conjurations
   Level 1.1 Summonings
 + Level 4.5 Translocations
 + Level 1.4 Fire Magic
 + Level 1.2 Air Magic
 + Level 1.3 Poison Magic


You had 16 spell levels left.
You knew the following spells:

 Your Spells              Type           Power        Failure   Level  Hunger
a - Magic Dart            Conj           ####         1%          1    None
b - Blink                 Tloc           N/A          1%          2    None
c - Conjure Flame         Conj/Fire      ####....     3%          3    None
d - Mephitic Cloud        Conj/Pois/Air  ####....     4%          3    None
e - Gell's Gravitas       Tloc           #####.....   1%          3    None

Your spell library contained the following spells:

 Spells                   Type           Power        Failure   Level  Hunger
 Call Imp                 Summ           ###.....     4%          2    None
 Slow                     Hex            ##......     6%          2    None
 Confusing Touch          Hex            ##......     13%         3    None
 Petrify                  Tmut/Erth      ##......     38%         4    None
 Metabolic Englaciation   Hex/Ice        ##........   75%         5    ####...
 Yara's Violent Unravell  Hex/Tmut       ##........   75%         5    ####...


Dungeon Overview and Level Annotations

Branches:
Dungeon (7/15)             Temple (1/1) D:6           Sewer (visited)

Altars:
Ashenzari
Dithmenos
Elyvilon
Fedhas
Gozag
Kikubaaqudgha
Nemelex Xobeh
Okawaru
Qazlal
Ru
Sif Muna
Trog
Uskayaw
Wu Jian
Xom
Yredelemnul
The Shining One

Annotations:
D:3 exclusion: downstairs
D:7 Harold


Message History

A wight comes into view. It is wielding a +5 dire flail.
Casting: Gell's Gravitas (safe; 1% risk of failure)
Confirm with . or Enter, or press ? or * to list all spells.
Aiming: Gell's Gravitas (safe; 1% risk of failure)
Press: ? - help, Dir - move target cursor Gravity reorients around empty space.
Harold is engulfed in blazing flames.
Harold completely misses you.
Casting: Gell's Gravitas (safe; 1% risk of failure)
Confirm with . or Enter, or press ? or * to list all spells.
Aiming: Magic Dart (safe; 1% risk of failure)
Press: ? - help, Shift-Dir - straight line, f - Harold
Aim: Harold, wielding a +3 scimitar, wearing a +0 ring mail and quivering a throwing net (flame, lightly wounded, fast)
The magic dart hits Harold.
Harold is lightly wounded.
Harold is engulfed in blazing flames.
Harold hits you with a +3 scimitar!!
Ouch! That really hurt!
* * * LOW HITPOINT WARNING * * *
Harold is engulfed in blazing flames.
Harold hits you with a +3 scimitar!
You die...
Your body crumbles into a pile of gold.

...#####.##########
............#.....##
######...<.(.......##
#......z........#
..................#
#.##............(..#
# #...............#
#...............#
#.........).@...#
##.........@/..##
##.....#.....##
#######.##### #.# #.
#. #.


You could see Harold (fast) and a wight.

Vanquished Creatures
  Pikel (D:4)
  An orc warrior (D:5)
  A slave (D:4)
  2 ogres
  A black bear (D:6)
  2 centaurs
  A bullfrog (D:6)
  A wight (D:7)
  A centaur zombie (D:6)
  A crimson imp (D:5)
  A quasit (D:6)
  A hound (D:4)
  2 bullfrog skeletons
  An orc priest (D:3)
  Jessica (D:3)
  3 iguanas
  3 orc wizards
  5 worker ants
  A hound skeleton (D:5)
  A worker ant zombie (D:5)
  9 adders
  3 shadow imps
  4 oozes
  2 adder skeletons
  2 worms
  4 dart slugs
  2 leopard geckos
  14 orcs
  5 giant cockroaches
  6 goblins
  7 hobgoblins
  5 jackals
  13 kobolds
  4 quokkas
  7 ball pythons
  7 bats
  9 frilled lizards
  8 rats
  2 plants (Sewer)
144 creatures vanquished.

Notes
Turn   | Place    | Note
-------+----------+-------------------------------------------
     0 | D:1      | H0rd4k the Deep Elf Wizard began the quest for the Orb.
     0 | D:1      | Reached XP level 1. HP: 10/10 MP: 7/7
   208 | D:1      | Reached XP level 2. HP: 15/15 MP: 1/9
   289 | D:1      | Reached skill level 5 in Spellcasting
  1004 | D:2      | Found a stormy altar of Qazlal.
  1093 | D:2      | Reached XP level 3. HP: 19/19 MP: 7/12
  1097 | D:2      | Learned a level 2 spell: Blink
  1101 | D:2      | Learned a level 3 spell: Conjure Flame
  1105 | D:2      | Learned a level 3 spell: Mephitic Cloud
  1117 | D:2      | Learned a level 3 spell: Gell's Gravitas
  1727 | D:3      | Noticed Jessica
  1731 | D:3      | Killed Jessica
  1731 | D:3      | Reached XP level 4. HP: 24/24 MP: 8/13
  2334 | D:3      | Reached skill level 6 in Spellcasting
  2334 | D:3      | Reached skill level 1 in Poison Magic
  2460 | D:3      | Reached XP level 5. HP: 26/28 MP: 4/15
  2673 | D:3      | Reached skill level 1 in Fire Magic
  3163 | D:4      | Reached skill level 1 in Air Magic
  3448 | D:4      | Reached XP level 6. HP: 32/32 MP: 10/17
  3544 | D:4      | Reached skill level 7 in Spellcasting
  3660 | D:4      | Got a pair of translucent boots
  3666 | D:4      | Identified the +0 pair of boots of Mezcal {MP+9 Str+3
                  | Slay+3} (You found it on level 4 of the Dungeon)
  3956 | D:4      | Noticed a slave
  3956 | D:4      | Noticed Pikel
  3960 | D:4      | Noticed a slave
  3962 | D:4      | Noticed a slave
  3964 | D:4      | Reached XP level 7. HP: 26/36 MP: 10/20
  4516 | D:4      | Killed Pikel
  4516 | D:4      | Reached skill level 9 in Spellcasting
  4516 | D:4      | Reached XP level 8. HP: 10/41 MP: 13/23
  4792 | D:5      | Entered Level 5 of the Dungeon
  4800 | D:5      | Reached skill level 5 in Conjurations
  5041 | D:5      | Found a glowing drain.
  5045 | Sewer    | Entered a sewer
  5939 | D:5      | Reached skill level 1 in Crossbows
  6648 | D:6      | Reached skill level 10 in Spellcasting
  6736 | D:6      | Found a staircase to the Ecumenical Temple.
  6924 | D:6      | Found a shimmering blue altar of Sif Muna.
  7483 | Temple   | Entered the Ecumenical Temple
  7520 | Temple   | Became a worshipper of Gozag Ym Sagoz the Greedy
  7636 | D:7      | Noticed Harold
  7645 | D:7      | Slain by Harold

Illustrated notes

Levels and vault maps discovered:
D:1:      elethiomel_arrival_shortcut, layout_rooms
D:2:      layout_basic, first_ration, grunt_qazlal_clouds
D:3:      layout_basic, minmay_fractal_squares_5, uniq_jessica
D:4:      layout_basic, uniq_pikel
D:5:      layout_basic, gup_sewer_entry_bowl
D:6:      layout_gridville, minmay_temple_entry_trees, lemuel_blue_sif_altar
D:7:      layout_rooms, uniq_harold
Temple:   regret_index_temple_sigil_plot

Skill      XL: |  1  2  3  4  5  6  7  8 |
---------------+-------------------------+-----
Spellcasting   | 5 6 7 9 10 | 10.6
Stealth        | 3 4 |  4.2
Conjurations   | 2 3 4 5 |  5.7
Poison Magic   | 1 |  1.3
Fire Magic     | 1 |  1.4
Air Magic      | 1 |  1.2
Translocations | 2 3 4 |  4.5
Dodging        | 3 |  3.3
Crossbows      | 2 |  2.7
Summonings     | |  1.1

Action                   |  1- 3 |  4- 6 |  7- 9 || total
-------------------------+-------+-------+-------++-------
Melee: Unarmed           |       |       |    52 ||    52
       Short sword       |       |       |    16 ||    16
 Fire: Hand crossbow     |       |       |    18 ||    18
 Cast: Magic Dart        |    82 |   118 |   119 ||   319
       Conjure Flame     |       |     8 |    16 ||    24
       Gell's Gravitas   |       |     9 |    22 ||    31
       Blink             |       |       |     2 ||     2
       Mephitic Cloud    |       |       |     2 ||     2
  Use: Scroll            |       |       |    11 ||    11
       Potion            |       |       |     1 ||     1
  Eat: Chunk             |     2 |     7 |     6 ||    15
       Ration            |       |       |     2 ||     2
Armor: Robe              |     1 |     1 |    12 ||    14
Dodge: Dodged            |     5 |     9 |    41 ||    55
